 Dungeon Crawl Stone Soup version 0.32-a0-938-g40ac7a0 (webtiles) character file.

Game seed: 11056294897130520231

181709 bochi the Bludgeoner (level 18, -1/138 HPs)
             Began as a Formicid Fighter on Apr 15, 2024.
             Was an Elder of Okawaru.
             Slain by bochi's illusion (illusionary) (5 damage)
             ... woven by Mara
             ... in the Arena.
             The game lasted 00:37:33 (25065 turns).

bochi the Bludgeoner (Formicid Fighter)            Turns: 25065, Time: 00:37:33

Health: -1/138     AC: 30    Str: 26    XL:     18   Next: 58%
Magic:  4/28       EV: 15    Int: 14    God:    Okawaru [****..]
Gold:   2323       SH: 19    Dex: 13    Spells: 10/17 levels left

rFire   . . .        b - +7 sceptre of Torment {pain, torment}
rCold   + . .        D - +4 kite shield of the Akabeko {rC+ SInv}
rNeg    . . .        v - +1 chain mail {rPois}
rPois   +            (helmet unavailable)
rElec   .            T - +2 cloak {Will+}
rCorr   .            N - +1 pair of gloves of Limitation {Will+ Str+3}
SInv    +            p - +0 pair of boots
Will    +++..        G - amulet of regeneration Stlth
                     K - +4 ring of protection
HPRegen 1.23/turn    c - +5 ring of evasion
MPRegen 0.21/turn

%: no passive effects
@: heroic, studying Evocations, duelling
A: permanent stasis, dig shafts and tunnels, antennae 3, four strong arms
}: 1/15 runes: serpentine
a: Dig, Renounce Religion, Heroism, Finesse


You were in the Arena.
You worshipped Okawaru.
Okawaru was greatly pleased with you.
You visited 4 branches of the dungeon, and saw 26 of its levels.
You also visited: Sewer and Volcano.

You collected 2821 gold pieces.
You spent 498 gold pieces at shops.

Inventory:

Hand Weapons
 a - a +5 heavy great mace
 b - the +7 sceptre of Torment (weapon) {pain, torment}
   (You found it on level 4 of the Dungeon)
Missiles
 f - 7 curare-tipped darts
 H - 7 throwing nets
Armour
 p - a +0 pair of boots (worn)
 v - a +1 chain mail of poison resistance (worn)
 D - the +4 kite shield of the Akabeko (worn) {rC+ SInv}
   (You acquired it on level 3 of the Snake Pit)

   rC+:       It protects you from cold.
   SInv:      It lets you see invisible.
 J - +0 swamp dragon scales
 N - the +1 pair of gloves of Limitation (worn) {Will+ Str+3}
   (Okawaru gifted it to you on level 3 of the Lair of Beasts)

   Str+3:     It affects your strength (+3).
   Will+:     It increases your willpower.
 Q - a +2 chain mail of fire resistance
 T - a +2 cloak of willpower (worn)
 Z - a +2 kite shield of reflection
Jewellery
 c - a +5 ring of evasion (right hand)
 t - a ring of willpower
 A - a ring of wizardry
 G - an amulet of regeneration (around neck)
 K - a +4 ring of protection (left hand)
 L - a +6 ring of dexterity
 R - an amulet of guardian spirit
 S - the ring of Ecreibb {rPois rF- rCorr AC+4 Dex+6}
   (You found it on level 12 of the Dungeon)

   [ring of protection]

   AC+4:      It affects your AC (+4).
   Dex+6:     It affects your dexterity (+6).
   rF-:       It makes you vulnerable to fire.
   rPois:     It protects you from poison.
   rCorr:     It protects you from acid and corrosion.
Wands
 s - a wand of iceblast (13)
 C - a wand of paralysis (32)
 I - a wand of acid (14)
 M - a wand of mindburst (15)
 P - a wand of flame (27) (quivered)
 V - a wand of polymorph (10)
Scrolls
 e - 2 scrolls of silence
 g - 9 scrolls of enchant armour
 j - 5 scrolls of fog
 n - 8 scrolls of revelation
 q - 7 scrolls of fear
 r - a scroll of brand weapon
 w - a scroll of poison
 y - 3 scrolls of torment
 B - 3 scrolls of vulnerability
 E - a scroll of amnesia
 Y - a scroll of immolation
Potions
 d - 4 potions of might
 h - 11 potions of heal wounds
 i - 9 potions of brilliance
 k - 4 potions of attraction
 l - 2 potions of cancellation
 m - 16 potions of curing
 o - 5 potions of invisibility
 u - 4 potions of lignification
 x - 9 potions of mutation
 z - 3 potions of enlightenment
 F - 5 potions of resistance
 O - 3 potions of ambrosia {unknown}
 U - a potion of magic


   Skills:
 - Level 11.6(16.6) Fighting
 + Level 18.5(23.5) Maces & Flails
 + Level 18.3(23.3) Armour
 - Level 15.0(20.0) Shields
 * Level 7.5 Translocations
 - Level 14.0 Invocations


You had 10 spell levels left.
You knew the following spells:

 Your Spells              Type           Power      Damage    Failure   Level
a - Manifold Assault      Tloc           10%        N/A       100%        7

Your spell library contained the following spells:

 Spells                   Type           Power      Damage    Failure   Level
 Lesser Beckoning         Tloc           42%        N/A       5%          2
 Momentum Strike          Conj/Tloc      20%        3d8       26%         2
 Passage of Golubria      Tloc           21%        N/A       36%         4
 Volatile Blastmotes      Fire/Tloc      20%        2d11      45%         3
 Magic Dart               Conj           0%         1d3       63%         1
 Necrotise                Necr           0%         1d4       63%         1
 Sandblast                Erth           0%         2d4       63%         1
 Cigotuvi's Dreadful Rot  Necr/Alch/Air  0%         N/A       77%         2
 Scorch                   Fire           0%         2d5       77%         2
 Searing Ray              Conj           0%         2d4       77%         2
 Iskenderun's Mystic Bla Conj/Tloc 10%            2d4        (+2d2     86%         4
 Fugue of the Fallen      Necr           0%         N/A       94%         3
 Ozocubu's Armour         Ice            0%         N/A       94%         3
 Stone Arrow              Conj/Erth      0%         3d7       94%         3
 Vampiric Draining        Necr           0%         2d6       94%         3
 Brom's Barrelling Bould  Conj/Erth      0%         2d3       100%        4
 Dispel Undead            Necr           0%         3d6       100%        4
 Flame Wave               Conj/Fire      0%         2d4       100%        4
 Fulminant Prism          Conj/Alch      0%         3d5       100%        4
 Ignite Poison            Fire/Alch      0%         N/A       100%        4
 Leda's Liquefaction      Alch/Erth      0%         N/A       100%        4
 Olgreb's Toxic Radiance  Alch           0%         N/A       100%        4
 Curse of Agony           Necr           0%         N/A       100%        5
 Freezing Cloud           Conj/Ice/Air   0%         6-21      100%        5
 Lee's Rapid Deconstruct  Erth           0%         3d4*      100%        5
 Silence                  Hex/Air        0%         N/A       100%        5
 Permafrost Eruption      Ice/Erth       0%         2x4d1     100%        6
 Ozocubu's Refrigeration  Ice            0%         4d7       100%        7
 Discord                  Hex            0%         N/A       100%        8
 Lehudib's Crystal Spear  Conj/Erth      0%         10d2      100%        8
 Blink                    Tloc           Unusable   N/A       N/A         2
 Animate Armour           Summ/Erth      Unusable   N/A       N/A         4
 Martyr's Knell           Necr/Summ      Unusable   N/A       N/A         4
 Summon Lightning Spire   Summ/Air       Unusable   N/A       N/A         4
 Summon Cactus Giant      Summ           Unusable   N/A       N/A         6

Dungeon Overview and Level Annotations

Branches:
Dungeon (15/15)            Temple (0/1) D:6            Lair (5/5) D:9
 Shoals (0/4) Lair:2        Snake (4/4) Lair:2        Slime (0/5) Lair:5
    Orc (2/2) D:10            Elf (0/3) Orc:2        Vaults (0/5) D:13
 Depths (0/4) D:15          Sewer (visited)         Volcano (visited)

Altars:
Fedhas
Gozag
Hepliaklqana
Kikubaaqudgha
Nemelex Xobeh
Okawaru
Sif Muna
Trog
Wu Jian
Beogh
Jiyva

Shops:
D:7 *   D:13 =   Orc:2 ((([   Snake:1 *(?

Annotations:
Lair:1 2 transporters, bochi's ghost, journeyman FoFi
Lair:2 exclusion: oklob plant
Lair:5 3 runed translucent doors, exclusions: obsidian statue and 3 oklob plants, waagh's ghost, journeyman OpSh
Snake:2 2 transporters, exclusion: obsidian statue Arena Mara


Innate Abilities, Weirdness & Mutations

You cannot be hasted, slowed, berserked, paralysed or teleported.
You can dig through walls and to a lower floor.
You have a pair of large antennae on your head. (SInv)
Your four strong arms can wield two-handed weapons with a shield.


Message History

Bochi's illusion hits you!
* * * LOW HITPOINT WARNING * * *
You writhe in agony.
* * * LOW HITPOINT WARNING * * *
You puncture Mara!
Bochi's illusion convulses!
You kill Mara!
Mara shimmers and vanishes!
You block Mara's attack. x2
You block bochi's illusion's attack.
You feel much better.
Mara blinks!
You block Mara's attack.
Bochi's illusion hits you but does no damage.
You writhe in agony.
Okay, then.
Mara gestures at you. The bolt of fire misses you.
Mara blinks!
You puncture Mara!
Bochi's illusion convulses!
You kill Mara!
Mara shimmers and vanishes!
Bochi's illusion attacks as it pursues you!
You block bochi's illusion's attack.
Mara blinks!
Mara weaves an illusion.
Mara shimmers and seems to become three!
You miss Mara.
Mara is almost dead.
You block Mara's attack. x2
Bochi's illusion hits you but does no damage.
You writhe in agony!
* * * LOW HITPOINT WARNING * * *
You block Mara's attack. Mara barely misses you.
Mara blinks!
You bludgeon Mara!!
You kill Mara!
Mara shimmers and vanishes!
You block bochi's illusion's attack. Mara hits you but does no damage.
Mara gestures at you. The bolt of fire hits you!!!
* * * LOW HITPOINT WARNING * * *
Bochi's illusion barely misses you.
You puncture Mara!
Bochi's illusion convulses!
You kill Mara!
Mara shimmers and vanishes!
Mara blinks!
Bochi's illusion hits you.
You die...

#########
##..▓▓▓p.##
##..▓▓.▓▓p.##
##.p▓▓...▓▓..##
#.p▓▓.....▓▓..#
#p▓▓@...§..▓▓.#
#▓▓..@......▓p#
#∩▓....R....▓##
#▓▓.........▓p#
#p▓▓.......▓▓.#
#.p▓▓.....▓▓..#
##.p▓▓...▓▓p.##
##..▓▓.▓▓p.##
##..▓▓▓..##


You could see Mara and bochi's illusion (very poisoned).

Vanquished Creatures
  Saint Roka (Orc:1)
  13 nagarajas
  A stone giant (D:15)
  3 dire elephants (Lair:5)
  Josephine (Orc:1)
  A fire dragon (Lair:3)
  A salamander tyrant (Snake:4)
  2 ogre magi (Orc:2)
  3 vault guards (D:13)
  3 catoblepae
  6 hydras
  3 anacondas
  5 boulder beetles
  5 centaur warriors
  12 two-headed ogres
  8 naga sharpshooters
  11 death yaks
  A tengu warrior (D:15)
  12 naga warriors
  Urug (D:11)
  5 shock serpents
  Nergalle (D:11)
  2 hell knights
  2 spectral death yaks (Lair:5)
  5 skeletal warriors (D:13)
  4 skysharks
  2 sea snakes (Snake:3)
  2 salamander mystics (Snake:4)
  2 deep trolls (Orc:2)
  A spectral anaconda (Lair:5)
  3 arcanists (D:13)
  8 mana vipers
  4 naga ritualists
  5 necromancers
  2 orc knights (D:15)
  6 ugly things
  2 manticores
  An oklob plant (Lair:4)
  An orc sorcerer (D:15)
  Maurice (D:10)
  5 cyclopes
  29 elephants
  13 salamanders
  2 guardian serpents (Snake:4)
  2 kobold blastminers (Orc:2)
  2 molten gargoyles (Volcano)
  28 black mambas
  11 naga magi
  A dire elephant zombie (Lair:5)
  Maggie (D:9)
  11 cane toads
  2 dire elephant skeletons (Lair:5)
  3 gargoyles
  4 rime drakes
  9 komodo dragons
  Jeremiah (D:6)
  2 yaktaurs (Volcano)
  An efreet (D:14)
  3 tengu conjurers
  13 trolls
  A polar bear (Lair:5)
  3 blink frogs (Lair:4)
  A shadow (D:10)
  10 slime creatures
  A vampire (D:11)
  6 basilisks
  4 wraiths (Orc:1)
  3 fire bats
  A water elemental (D:14)
  5 wyverns
  58 yaks
  19 humans (D:13)
  3 steam dragons
  4 wargs
  12 vampire mosquitoes
  An acid dragon (D:14)
  23 water moccasins
  28 nagas
  22 orc warriors
  A sky beast (D:7)
  Pargi (Sewer)
  2 black bears (D:9)
  2 ice beasts
  22 ogres
  15 wolves
  9 centaurs
  2 phantoms
  5 kobold brigands
  A brain worm (Sewer)
  11 bullfrogs
  6 gnoll sergeants
  2 cane toad simulacra (Lair:5)
  11 wights
  An elephant simulacrum (Lair:5)
  25 killer bees
  An electric eel (D:11)
  6 lava snakes
  3 howler monkeys
  A bombardier beetle (D:5)
  A jelly (D:5)
  9 orc priests
  2 hounds
  2 gnoll boudas
  3 iguanas
  21 orc wizards
  2 sleepcaps
  13 hell rats
  40 gnolls
  6 adders
  A river rat (D:3)
  A shadow imp (D:7)
  2 white imps (D:6)
  3 ribbon worms
  2 dart slugs
  68 orcs
  8 endoplasms
  4 giant cockroaches
  9 goblins
  6 hobgoblins
  4 jackals (D:3)
  6 quokkas
  12 ball pythons
  6 bats
  7 frilled lizards
  34 kobolds
  3 rats
902 creatures vanquished.

Vanquished Creatures (others)
  An orc warrior (D:15)
  2 wights (D:10)
  An orc (D:8)
4 creatures vanquished.

Grand Total: 906 creatures vanquished

Notes
Turn   | Place    | Note
-------+----------+-------------------------------------------
     0 | D:1      | bochi the Formicid Fighter began the quest for the Orb.
     0 | D:1      | Reached XP level 1. HP: 18/18 MP: 1/1
   170 | D:1      | Reached XP level 2. HP: 24/24 MP: 2/2
   466 | D:1      | Reached XP level 3. HP: 26/29 MP: 3/3
   957 | D:2      | Identified the +1 robe of an ossuary {rElec Str+3 Int+2}
  1161 | D:2      | Reached XP level 4. HP: 37/37 MP: 4/4
  1598 | D:3      | Reached XP level 5. HP: 32/42 MP: 5/5
  1828 | D:3      | Found an iron altar of Okawaru.
  1838 | D:3      | Became a worshipper of Warmaster Okawaru
  2122 | D:3      | Found a glowing drain.
  2126 | Sewer    | Entered a sewer
  2248 | Sewer    | Noticed Pargi
  2255 | Sewer    | Reached skill level 1 in Invocations
  2263 | Sewer    | Killed Pargi
  2264 | Sewer    | Reached XP level 6. HP: 38/48 MP: 5/7
  2390 | D:3      | Found a faded altar of an unknown god.
  2412 | D:3      | Reached skill level 5 in Armour
  2420 | D:3      | Identified the +1 dagger "Bedet" {freeze, Will++ Int+2
                  | SInv}
  2766 | D:4      | Reached * piety under Okawaru
  2767 | D:4      | Reached XP level 7. HP: 30/54 MP: 7/9
  2772 | D:4      | Reached skill level 5 in Maces & Flails
  2874 | D:4      | Found the +7 sceptre of Torment {pain, torment}
  2958 | D:4      | Found an ornate altar of the Wu Jian Council.
  3337 | D:4      | Found a bloodstained altar of Trog.
  3344 | D:4      | Found an opulent altar of Gozag.
  3687 | D:5      | Entered Level 5 of the Dungeon
  3748 | D:5      | Found a shimmering blue altar of Sif Muna.
  3817 | D:5      | Reached XP level 8. HP: 60/60 MP: 11/11
  4131 | D:5      | Reached skill level 5 in Invocations
  4495 | D:6      | Reached ** piety under Okawaru
  4666 | D:6      | Found a blossoming altar of Fedhas.
  4708 | D:6      | Reached XP level 9. HP: 50/63 MP: 13/13
  5126 | D:6      | Reached *** piety under Okawaru
  5150 | D:6      | Noticed Jeremiah
  5184 | D:6      | Killed Jeremiah
  5304 | D:6      | Found a hazy altar of Hepliaklqana.
  5317 | D:6      | Found a sparkling altar of Nemelex Xobeh.
  5414 | D:6      | Found a staircase to the Ecumenical Temple.
  6103 | D:7      | Found Caicam's Assorted Antiques.
  6116 | D:7      | Reached XP level 10. HP: 68/69 MP: 14/16
  6135 | D:7      | Bought a scroll labelled NENKASH NEHOIJ for 36 gold pieces
  6135 | D:7      | Bought a scroll labelled HOAZXARPHEMM for 36 gold pieces
  6210 | D:7      | Reached **** piety under Okawaru
  6211 | D:7      | Reached skill level 5 in Shields
  6782 | D:8      | Noticed a gargoyle
  6786 | D:8      | Killed a gargoyle
  6815 | D:8      | Noticed a red ugly thing
  6827 | D:8      | Killed a red ugly thing
  6827 | D:8      | Reached ***** piety under Okawaru
  6981 | D:8      | Identified the +0 ring mail of Enisygex {Harm rCorr SInv}
  7130 | D:8      | Noticed a boulder beetle
  7144 | D:8      | Killed a boulder beetle
  7230 | D:8      | Reached XP level 11. HP: 75/77 MP: 18/18
  7466 | D:8      | Reached skill level 10 in Armour
  7690 | D:9      | Received a gift from Okawaru
  7757 | D:9      | Reached skill level 10 in Invocations
  8067 | D:9      | Found a staircase to the Lair.
  8300 | D:9      | Noticed Maggie
  8309 | D:9      | Killed Maggie
  8310 | D:9      | Reached skill level 10 in Maces & Flails
  8580 | Lair:1   | Entered Level 1 of the Lair of Beasts
  8645 | Lair:1   | Received a gift from Okawaru
  8646 | Lair:1   | Reached XP level 12. HP: 63/83 MP: 20/20
  8760 | Lair:1   | Reached skill level 10 in Shields
  8987 | Lair:1   | Found a transporter.
  8988 | Lair:1   | Found a transporter.
  8988 | Lair:1   | Noticed bochi's ghost (journeyman FoFi)
  9158 | Lair:1   | Noticed an eight-headed hydra
  9285 | Lair:2   | Found a staircase to the Snake Pit.
  9409 | Lair:2   | Received a gift from Okawaru
 10015 | Lair:2   | Found a staircase to the Shoals.
 10268 | Lair:3   | Noticed a skyshark
 10273 | Lair:3   | Received a gift from Okawaru
 10277 | Lair:3   | Killed a skyshark
 10289 | Lair:3   | Reached XP level 13. HP: 84/88 MP: 22/22
 10342 | Lair:3   | Reached ****** piety under Okawaru
 10491 | Lair:3   | Received a gift from Okawaru
 10531 | Lair:3   | Acquired the +1 pair of gloves of Limitation {Will+ Str+3}
 10531 | Lair:3   | Received a gift from Okawaru
 10672 | Lair:3   | Noticed a catoblepas
 10678 | Arena    | Entered the Arena
 10749 | Lair:3   | Killed a catoblepas
 10753 | Lair:3   | Received a gift from Okawaru
 10915 | Lair:3   | Noticed a fire dragon
 10936 | Lair:3   | Killed a fire dragon
 11539 | Lair:4   | Reached XP level 14. HP: 95/95 MP: 24/24
 11588 | Lair:4   | Received a gift from Okawaru
 11765 | Lair:4   | Found a dark tunnel.
 11788 | Volcano  | Entered a volcano
 11954 | Volcano  | Found a burning altar of Makhleb.
 12156 | Lair:4   | Received a gift from Okawaru
 12763 | Lair:5   | Entered Level 5 of the Lair of Beasts
 12873 | Lair:5   | Reached skill level 5 in Fighting
 12886 | Lair:5   | Received a gift from Okawaru
 12918 | Lair:5   | Found a runed translucent gate.
 12918 | Lair:5   | Found a runed translucent gate.
 12919 | Lair:5   | Found a runed translucent gate.
 12925 | Lair:5   | Noticed waagh's ghost (journeyman OpSh)
 13390 | Lair:5   | Received a gift from Okawaru
 13502 | Lair:5   | Noticed a dire elephant
 13502 | Lair:5   | Noticed a dire elephant
 13552 | Lair:5   | Noticed a dire elephant
 13563 | Lair:5   | Killed a dire elephant
 13564 | Lair:5   | Reached skill level 15 in Shields
 13564 | Lair:5   | Reached XP level 15. HP: 96/105 MP: 23/25
 13907 | Lair:5   | Reached skill level 15 in Armour
 14168 | Lair:5   | Found a staircase to the Slime Pits.
 14274 | Lair:5   | Received a gift from Okawaru
 14308 | Lair:5   | Found a viscous altar of Jiyva.
 14617 | D:10     | Entered Level 10 of the Dungeon
 14721 | D:10     | Found a staircase to the Orcish Mines.
 14963 | D:10     | Noticed Maurice
 14986 | D:10     | Killed Maurice
 15230 | D:10     | Found a roughly hewn altar of Beogh.
 15276 | Orc:1    | Entered Level 1 of the Orcish Mines
 15374 | Orc:1    | Noticed Josephine
 15388 | Orc:1    | Killed Josephine
 15694 | Orc:2    | Entered Level 2 of the Orcish Mines
 15748 | Orc:2    | Noticed Saint Roka
 15828 | Orc:1    | Killed Saint Roka
 15828 | Orc:1    | Received a gift from Okawaru
 16042 | Orc:2    | Found Zaapt's Antique Weapon Boutique.
 16072 | Orc:2    | Reached skill level 15 in Maces & Flails
 16144 | Orc:2    | Received a gift from Okawaru
 16173 | Orc:2    | Reached XP level 16. HP: 120/120 MP: 26/26
 16195 | Orc:2    | Found Lorecofa's Weapon Shop.
 16199 | Orc:2    | Found a staircase to the Elven Halls.
 16245 | Orc:2    | Found Jawnem's Antique Weapon Emporium.
 16264 | Orc:2    | Found Xic Qiag's Antique Armour Boutique.
 16436 | Orc:2    | Acquired a +1 heavy great mace
 16436 | Orc:2    | Received a gift from Okawaru
 16782 | D:11     | Noticed Nergalle
 16792 | D:11     | Killed Nergalle
 16829 | D:11     | Noticed Urug
 16855 | D:11     | Killed Urug
 17377 | D:12     | Received a gift from Okawaru
 17546 | D:12     | Identified the ring of Ecreibb {rPois rF- rCorr AC+4 Dex+6}
 18132 | D:13     | Reached skill level 10 in Fighting
 18188 | D:13     | Found Avunk's Jewellery Shop.
 18340 | D:13     | Received a gift from Okawaru
 18402 | D:13     | Found a gate to the Vaults.
 19161 | D:14     | Found an ancient bone altar of Kikubaaqudgha.
 19460 | D:15     | Entered Level 15 of the Dungeon
 19482 | D:15     | Received a gift from Okawaru
 19495 | D:15     | Reached XP level 17. HP: 78/130 MP: 27/27
 20008 | D:15     | Found a staircase to the Depths.
 20269 | Snake:1  | Entered Level 1 of the Snake Pit
 20357 | Snake:1  | Found Welooho's Magic Scroll Boutique.
 20362 | Snake:1  | Found Mokk's Antique Weapon Shop.
 20369 | Snake:1  | Bought a scroll of enchant armour for 90 gold pieces
 20369 | Snake:1  | Bought a scroll of immolation for 48 gold pieces
 20369 | Snake:1  | Bought 3 scrolls of identify for 72 gold pieces
 20369 | Snake:1  | Bought a scroll of revelation for 90 gold pieces
 20369 | Snake:1  | Bought a scroll of identify for 24 gold pieces
 20369 | Snake:1  | Bought a scroll of identify for 24 gold pieces
 20369 | Snake:1  | Bought a scroll of identify for 24 gold pieces
 20397 | Snake:1  | Found Xaurr's General Store.
 20409 | Snake:1  | Bought a potion of curing for 54 gold pieces
 20768 | Snake:1  | Received a gift from Okawaru
 21897 | Snake:2  | Found a transporter.
 21912 | Snake:2  | Found a bloodstained altar of Trog.
 22015 | Snake:2  | Learned a level 7 spell: Manifold Assault
 22016 | Snake:2  | Found a transporter.
 22039 | Snake:2  | Reached skill level 1 in Translocations
 22660 | Snake:3  | Received a gift from Okawaru
 22748 | Snake:3  | Identified a scroll of acquirement
 22749 | Snake:3  | Acquired the +4 kite shield of the Akabeko {rC+ SInv}
 23335 | Snake:4  | Entered Level 4 of the Snake Pit
 23502 | Snake:4  | Reached XP level 18. HP: 95/121 MP: 28/28
 23514 | Snake:4  | Reached skill level 5 in Translocations
 23884 | Snake:4  | Received a gift from Okawaru
 24971 | Snake:4  | Got a serpentine rune of Zot
 25025 | Snake:4  | Noticed Mara
 25037 | Snake:4  | Noticed bochi's illusion
 25046 | Arena    | Entered the Arena
 25050 | Arena    | Noticed bochi's illusion
 25064 | Arena    | HP: 3/138 [Mara/bolt of fire (41)]
 25065 | Arena    | Slain by bochi's illusion (illusionary)

Illustrated notes

Levels and vault maps discovered:
D:1:      tarquinn_simple_flora_water_f, layout_basic
D:2:      layout_rooms
D:3:      layout_loops_ring, okawaru_metal_pillars_1_2, gup_sewer_entry_spiral,
          shapermc_ecumenical_altar_starsandcircs
D:4:      layout_basic, marbit_many_paths, grunt_temple_overflow_open
D:5:      layout_loops_ring, mainiacjoe_overflow_alcove_4,
          corexii_leaking_fountain
D:6:      minmay_flawed_box, layout_gridville, jmf_multi_god_temple2,
          mainiacjoe_overflow_24_doors, nicolae_underground_beach, uniq_jeremiah
D:7:      layout_basic, serial_shops, shop
D:8:      cheibrodos_barr_body, layout_gridville
D:9:      layout_irregular_city, minmay_lair_entry_grove, uniq_maggie
D:10:     layout_irregular_city, minmay_orc_entry_temple_small,
          corexii_hall_statues_s, chequers_garden, uniq_maurice
D:11:     layout_basic, uniq_urug, uniq_nergalle
D:12:     layout_gridville
D:13:     layout_stronghold, grunt_vaults_entry_tiered, serial_shops,
          kennysheep_mini, kennysheep_generic_room_12
D:14:     layout_basic, minivault_14, kiku_gazebo_garden_becter
D:15:     hangedman_depths_entry_civil_slaughter, layout_cave_pools
Lair:1:   layout_chaotic_city, gammafunk_ghost_arena
Lair:2:   layout_chaotic_city, elwin_shoals_entry_rooms,
          guppyfry_snake_entry_island
Lair:3:   dragon1_lemuel, layout_gridlike, serial_bayou_pond_b,
          grunt_megastairs_1
Lair:4:   layout_misc_corridors, nicolae_volcano_entry_hallway,
          dpeg_stationary_puzzle
Lair:5:   due_jungle_book, layout_concentric_octagons,
          minmay_slime_entry_oklob_open, gammafunk_ghost_necromancy
Snake:1:  layout_chambers, serial_shops, shop, minmay_shoptagon,
          grunt_megastairs_5
Snake:2:  gammafunk_sealed_arena, layout_rooms, basic_altar
Snake:3:  layout_misc_corridors, guppyfry_snake_island, lemuel_fruit_tree
Snake:4:  grunt_snake_rune_spirals, layout_concentric_octagons,
          nicolae_twisty_statue_hallways, uniq_mara
Orc:1:    layout_diamond_mine, uniq_josephine
Orc:2:    st_orc_open, layout_caves, uniq_saint_roka
Arena

Skill      XL: |  1  2  3  4  5  6  7  8  9 10 11 12 13 14 15 16 17 18 |
---------------+-------------------------------------------------------+-----
Maces & Flails | 3 4 5 6 8 9 10 11 12 13 15 16 18 | 18.5
Fighting       | 4 6 9 10 11 | 11.6
Armour         | 4 5 7 8 9 11 12 13 14 15 16 17 18 | 18.3
Invocations    | 2 3 4 6 8 9 11 12 13 14 | 14.0
Shields        | 7 9 11 13 15 | 15.0
Translocations | 4 7 |  7.5

Action                     |  1- 3 |  4- 6 |  7- 9 | 10-12 | 13-15 | 16-18 || total
---------------------------+-------+-------+-------+-------+-------+-------++-------
  Melee: Flail             |    92 |       |       |       |       |       ||    92
         Whip              |     8 |   182 |     8 |       |       |       ||   198
         Eveningstar       |       |       |   214 |   475 |  1009 |  1052 ||  2750
         Great mace        |       |       |       |       |       |     4 ||     4
  Throw: Dart              |       |       |       |     5 |     1 |       ||     6
         Throwing net      |       |       |       |     1 |     2 |       ||     3
 Invoke: Heroism           |       |       |     2 |     4 |    13 |    11 ||    30
         Duel              |       |       |       |       |     1 |     4 ||     5
         Receive Armour    |       |       |       |       |     1 |       ||     1
         Receive Weapon    |       |       |       |       |       |     1 ||     1
         Finesse           |       |       |       |       |       |     1 ||     1
Ability: Dig               |       |     4 |     5 |     2 |     4 |     8 ||    23
  Evoke: Wand              |       |       |       |       |     1 |     6 ||     7
    Use: Scroll            |     4 |     1 |     4 |     5 |     1 |    18 ||    33
         Potion            |       |     1 |       |       |     1 |     2 ||     4
   Stab: Held in net/web   |       |       |       |     3 |     2 |       ||     5
 Armour: Scale mail        |    75 |   138 |    16 |       |       |       ||   229
         Plate armour      |       |       |   177 |   200 |       |       ||   377
         Swamp dragon scal |       |       |       |   156 |   148 |       ||   304
         Chain mail        |       |       |       |       |   408 |   684 ||  1092
  Dodge: Dodged            |    40 |    74 |    50 |   278 |   477 |   343 ||  1262
         Repelled          |       |       |       |       |    21 |       ||    21
  Block: Buckler           |    28 |    35 |    47 |       |       |       ||   110
         Kite shield       |       |       |     5 |   403 |   745 |   719 ||  1872
         Reflection        |       |       |       |       |       |    13 ||    13

Table legend: (Time is in decaauts)
 A = Elapsed time spent in this place.
 B = Non-inter-level travel time spent in this place.
 C = Inter-level travel time spent in this place.
 D = Time resting spent in this place.
 E = Time spent auto-exploring this place.
 F = Levels seen in this place.
 G = Mean time per level.
                   A        B        C        D        E       F      G
               +--------+--------+--------+--------+--------+-----+--------+
         Total |  24826 |  23976 |    850 |    740 |  17537 |  30 |  827.5 |
       Dungeon |  12766 |  12239 |    527 |    135 |   9452 |  15 |  851.1 |
          Lair |   5651 |   5462 |    189 |     21 |   4041 |   5 | 1130.2 |
     Snake Pit |   4629 |   4576 |     53 |    484 |   3044 |   4 | 1157.2 |
  Orcish Mines |   1178 |   1098 |     80 |    100 |    673 |   2 |  589.0 |
         Sewer |    242 |    242 |      0 |      0 |    172 |   1 |  242.0 |
       Volcano |    321 |    321 |      0 |      0 |    154 |   1 |  321.0 |
         Arena |     36 |     36 |      0 |      0 |      0 |   2 |   18.0 |
               +--------+--------+--------+--------+--------+-----+--------+

Top non-repeatable levels by time:
  Lair:5: 1732 daAuts
 Snake:4: 1638 daAuts
     D:6: 1480 daAuts
 Snake:1: 1366 daAuts
  Lair:3: 1200 daAuts
    D:13: 1142 daAuts
     D:3: 1097 daAuts
  Lair:2: 1027 daAuts
 Snake:3: 1006 daAuts
     D:8: 994 daAuts
  Lair:4: 974 daAuts
     D:4: 956 daAuts
     D:9: 940 daAuts
     D:1: 872 daAuts
    D:10: 867 daAuts
